AoeStats
← AiM | CanvaL

Golden Pit

509935605Analyzed
1v1 RM · 3d ago on Sep 28, 2026· 42m 37s· 2 players
Game mode
Random Map
Map size
Tiny (2 player)
Population
200
Speed
Normal
Resources
Standard
Victory
Conquest
Starting age
Dark Age
Ending age
Imperial Age
RankedLock teamsTeams togetherTeam positionsShared explorationLock speedFull tech treeHidden civsTurbo modeCheats
Victory
Defeat
🇨🇱 Portuguese · Chile
1473
+13
🇬🇧 Persians · United Kingdom
1398
-13
sguu
6:21 Loom
8:59 Feudal Age
9:41 Double-Bit Axe
9:37 Horse Collar
21:42 Castle Age
20:26 Scale Barding Armor
20:42 Bloodlines
22:21 Wheelbarrow
22:07 Gold Mining
23:16 Chain Barding Armor
34:45 Pikeman
37:05 Husbandry
37:05 Squires
39:43 Imperial Age
37:29 Fletching
37:49 Forging
37:03 Light Cavalry
40:35 Plate Barding Armor
39:31 Cavalier
42:20 Iron Casting
AiM | CanvaL
6:03 Loom
8:58 Feudal Age
10:02 Double-Bit Axe
11:26 Town Watch
21:51 Castle Age
19:45 Fletching
19:49 Horse Collar
20:23 Padded Archer Armor
20:16 Gold Mining
22:15 Wheelbarrow
21:51 Crossbowman
22:29 Bodkin Arrow
31:25 Thumb Ring
31:43 Ballistics
31:36 Stone Mining
36:15 Imperial Age
37:04 Leather Archer Armor
37:06 Bracer
37:47 Caravan
37:16 Arbalester
41:01 Chemistry
Connection lost

Rejoining the realm…

Still unreachable

The connection could not be restored.

Session expired

The server has moved on; the page needs a fresh start.